 Dungeon Crawl Stone Soup version 0.27-a0-1312-g5cdb2b3542 (webtiles) character file.

Game seed: 6532576820598249425

125 Demosthentine the Poker (level 5, 0/41 HPs)
             Began as a Merfolk Gladiator on June 20, 2021.
             Was an Initiate of Elyvilon.
             Killed from afar by a steam dragon (14 damage)
             ... with a ball of steam
             ... on level 3 of the Dungeon.
             The game lasted 00:02:04 (2825 turns).

Demosthentine the Poker (Merfolk Gladiator)         Turns: 2825, Time: 00:02:05

Health: 0/41       AC:  5    Str: 27    XL:     5   Next: 9%
Magic:  5/5        EV: 14    Int:  7    God:    Elyvilon [......]
Gold:   74         SH:  0    Dex: 16    Spells: 4/4 levels left

rFire    . . .     SeeInvis .   a - +0 trident
rCold    . . .     Faith    .   (no shield)
rNeg     . . .     Spirit   .   b - +0 leather armour
rPois    .         Reflect  .   c - +1 helmet
rElec    .         Harm     .   (no cloak)
rCorr    .         Rampage  .   (no gloves)
Will     .....                  (no boots)
Stlth    +.........             (no amulet)
HPRegen  0.13/turn              e - +6 ring of strength
MPRegen  0.09/turn              f - +6 ring of strength

@: no status effects
A: (nimble swimmer 2), mertail
a: Renounce Religion


You were on level 3 of the Dungeon.
You worshipped Elyvilon.
Elyvilon was noncommittal.
You visited 1 branch of the dungeon, and saw 4 of its levels.

You collected 74 gold pieces.

Inventory:

Hand Weapons
 a - a +0 trident (weapon)
Missiles
 d - 2 throwing nets (quivered)
Armour
 b - a +0 leather armour (worn)
 c - a +1 helmet (worn)
Jewellery
 e - a +6 ring of strength (left hand)
 f - a +6 ring of strength (right hand)
 k - a +4 ring of evasion
Scrolls
 g - a scroll of enchant armour
 i - 5 scrolls of identify
 j - a scroll of teleportation
 m - a scroll of amnesia
Potions
 h - a potion of resistance


   Skills:
 + Level 3.3 Fighting
 + Level 5.6 Polearms
 - Level 2.0 Throwing
 + Level 1.4 Armour
 + Level 5.0 Dodging


You had 4 spell levels left.
You didn't know any spells.
Your spell library was empty.

Dungeon Overview and Level Annotations

Branches:
Dungeon (4/15)
 Temple: D:4-7

Altars:
Elyvilon


Innate Abilities, Weirdness & Mutations

((You are quick and stealthy near water. (Stealth+, EV+, Speed+++)))
Your lower body shifts to a powerful aquatic tail in water.


Message History

You hit the steam dragon.
The steam dragon is lightly wounded.
The steam dragon breathes steam at you. The ball of steam hits you!
The ball python hisses angrily.
You hear a shout!
You are engulfed in a cloud of scalding steam.
You climb upwards.
There is a stone staircase leading down here.
You start resting.
HP restored.
You climb downwards.
The ball python closely misses you. The ball python grabs you.
The ball python constricts you. The steam dragon bites you!
The steam dragon claws you.
There is a stone staircase leading up here.
You escape the ball python's grasp.
The steam dragon misses you. The steam dragon claws you.
The ball python closely misses you. The ball python barely misses you.
You climb upwards.
There is a stone staircase leading down here.
Unknown command.
You barely miss the ball python. The steam dragon bites you.
The steam dragon barely misses you. The ball python barely misses you.
The ball python misses you.
Unknown command.
You closely miss the ball python. The ball python completely misses you.
The ball python grabs you. The ball python constricts you.
The steam dragon bites you! The steam dragon claws you.
Unknown command.
You puncture the ball python!
You kill the ball python!
The steam dragon misses you. The steam dragon closely misses you.
Unknown command.
Throw: 3 throwing nets
Press: ? - help, Q - select action Shift-Dir - straight line, f - steam dragon
Aim: a steam dragon (62% to hit)
You throw a throwing net. The throwing net hits the steam dragon.
The steam dragon is caught in the net!
The steam dragon breathes steam at you. The ball of steam hits you!
You die...

##....................#
####.......###############
###....####### ....####
###################
..................#
#############..>..#
#...D.# ##..@.# #..†.#
######


You could see a steam dragon (caught, catching breath).

Vanquished Creatures
  2 adders
  4 gnolls (D:3)
  2 worms (D:3)
  A dart slug (D:3)
  4 bats
  8 endoplasms
  4 giant cockroaches
  6 goblins
  5 hobgoblins
  2 jackals (D:2)
  3 kobolds
  4 quokkas
  3 ball pythons
  3 frilled lizards
  4 rats
55 creatures vanquished.

Notes
Turn   | Place    | Note
-------+----------+-------------------------------------------
     0 | D:1      | Demosthentine the Merfolk Gladiator began the quest for the
                  | Orb.
     0 | D:1      | Reached XP level 1. HP: 16/16 MP: 1/1
   322 | D:1      | Reached XP level 2. HP: 23/23 MP: 2/2
   585 | D:1      | Reached XP level 3. HP: 28/28 MP: 3/3
   993 | D:2      | Reached skill level 5 in Polearms
  1429 | D:2      | Reached skill level 1 in Armour
  1943 | D:3      | Reached XP level 4. HP: 33/35 MP: 4/4
  2011 | D:3      | HP: 1/35 [gnoll (3)]
  2332 | D:3      | Reached skill level 5 in Dodging
  2369 | D:3      | Found a faded altar of an unknown god.
  2409 | D:3      | Reached XP level 5. HP: 41/41 MP: 5/5
  2432 | D:3      | Found a white marble altar of Elyvilon.
  2442 | D:3      | Became a worshipper of Elyvilon the Healer
  2756 | D:4      | Noticed a steam dragon
  2825 | D:3      | Killed from afar by a steam dragon

Illustrated notes

Levels and vault maps discovered:
D:1:      dpeg_arrival_more_subterranean_lakeside_camping, layout_rooms
D:2:      layout_basic, nrook_uturn
D:3:      layout_rooms, elyvilon_altar_3, hellmonk_ecumenical_altar_blasted,
          hangedman_decor_push
D:4:      layout_rooms, serial_corexii_hall, corexii_hall_statues_l,
          chequers_hall_statues_wall_a, uniq_eustachio

Skill      XL: |  1  2  3  4 |
---------------+-------------+-----
Polearms       | 5 |  5.6
Armour         | 1 |  1.4
Fighting       | 3 |  3.3
Dodging        | 5 |  5.0
Throwing       | |  2.0

Action                   |  1- 3 |  4- 6 || total
-------------------------+-------+-------++-------
Melee: Trident           |   120 |    36 ||   156
       Unarmed           |       |    19 ||    19
Throw: Throwing net      |       |     1 ||     1
  Use: Scroll            |     9 |       ||     9
 Stab: Sleeping          |       |     3 ||     3
Armor: Leather armour    |    23 |       ||    23
       Skin              |       |     3 ||     3
Dodge: Dodged            |    54 |    65 ||   119

Table legend: (Time is in decaauts)
 A = Elapsed time spent in this place.
 B = Non-inter-level travel time spent in this place.
 C = Inter-level travel time spent in this place.
 D = Time resting spent in this place.
 E = Time spent auto-exploring this place.
 F = Levels seen in this place.
 G = Mean time per level.
                   A        B        C        D        E       F      G
               +--------+--------+--------+--------+--------+-----+--------+
         Total |   2817 |   2785 |     32 |     85 |   2309 |   4 |  704.2 |
       Dungeon |   2817 |   2785 |     32 |     85 |   2309 |   4 |  704.2 |
               +--------+--------+--------+--------+--------+-----+--------+

Top non-repeatable levels by time:
     D:2: 1437 daAuts
     D:1: 745 daAuts
     D:3: 629 daAuts
     D:4: 5 daAuts
